 Dungeon Crawl Stone Soup version 0.28.0-53-g5a82cb258f (webtiles) character file.

Game seed: 17079835154364995514

188843 themarg the Unseen (level 18, 0/141 HPs)
             Began as a Gnoll Transmuter on Aug 12, 2022.
             Was the Champion of Jiyva.
             Killed from afar by a naga mage (9 damage)
             ... with a bolt of poison
             ... on level 4 of the Snake Pit on Aug 15, 2022.
             The game lasted 06:04:09 (30392 turns).

themarg the Unseen (Gnoll Transmuter)              Turns: 30392, Time: 06:04:09

Health: 0/141      AC: 24    Str: 11    XL:     18   Next: 11%
Magic:  32/44      EV: 19    Int: 23    God:    Jiyva [******]
Gold:   1164       SH:  0    Dex: 17    Spells: 10/43 levels left

rFire   . . .      SeeInvis .   k - +6 falchion "Wiariath" {spect, rC+ Will+ Int+3}
rCold   + + .      Faith    .   (no shield)
rNeg    . . .      Spirit   .   L - +2 leather armour {rC+}
rPois   +          Reflect  .   (helmet restricted)
rElec   +          Harm     .   c - +1 cloak
rCorr   +          Rampage  .   e - +1 pair of gloves {Dex+3}
Will    +++..      Clarity  +   (boots unavailable)
Stlth   ++++++....              m - amulet of regeneration
HPRegen 2.73/turn               f - ring "Geschud" {rPois Will+ AC+4}
MPRegen 0.79/turn               j - ring of Plog {rElec MP+9}

@: mighty, lethally poisoned (0 -> 0), calling ooze, very slightly contaminated,
hasted, constricted, studying 2 skills, unable to read, very quick
A: fangs 1, strong nose, distributed training, hooves 3, horns 1, iridescent
scales 2, clarity, clever 1, shaggy fur 2, eyeballs 1, gelatinous body 3, jelly
sensing items, inability to read while threatened
}: 1/15 runes: slimy
a: Renounce Religion, Oozemancy, Slimify


You were on level 4 of the Snake Pit.
You worshipped Jiyva.
Jiyva was exalted by your worship.
You visited 6 branches of the dungeon, and saw 33 of its levels.
You also visited: Sewer, Gauntlet and Ice Cave.

You collected 2013 gold pieces.
You spent 849 gold pieces at shops.

Inventory:

Hand Weapons
 h - a +7 battleaxe of venom
 k - the +6 falchion "Wiariath" (weapon) {spect, rC+ Will+ Int+3}
   (You found it on level 12 of the Dungeon)

   When its wielder attacks, the weapon's spirit leaps out and strikes again.
   The spirit shares a part of any damage it takes with its wielder.
   Int:       It affects your intelligence (+3).
   rC:        It protects you from cold.
   Will:      It increases your willpower.
 V - the +11 dagger "Ysiu" {holy, Will+ Dex+4}
   (You found it on level 14 of the Dungeon)

   It has been blessed by the Shining One to cause great damage to the undead
   and demons.
   Dex:       It affects your dexterity (+4).
   Will:      It increases your willpower.
Missiles
 F - 12 curare-tipped darts
 Q - 4 atropa-tipped darts
Armour
 c - a +1 cloak (worn)
 e - a +1 pair of gloves of dexterity (worn)
 r - a +2 pair of boots of stealth
 v - a +2 helmet
 L - a +2 leather armour of cold resistance (worn)
Jewellery
 f - the ring "Geschud" (left hand) {rPois Will+ AC+4}
   (You found it on level 5 of the Pits of Slime)

   [ring of protection]

   AC:        It affects your AC (+4).
   rPois:     It protects you from poison.
   Will:      It increases your willpower.
 j - the ring of Plog (right hand) {rElec MP+9}
   (You found it in a Gauntlet)

   [ring of magical power]

   rElec:     It insulates you from electricity.
   MP:        It affects your magic capacity (+9).
 m - an amulet of regeneration (around neck)
 K - the ring of Nenyjona {Fly Dex+4}
   (You found it on level 5 of the Pits of Slime)

   [ring of flight]

   Dex:       It affects your dexterity (+4).
   Fly:       It grants you flight.
 Z - the ring of Tawk {rC++ AC+4 Str+4 Dex+3}
   (You found it in an ice cave)

   [ring of protection]

   AC:        It affects your AC (+4).
   Str:       It affects your strength (+4).
   Dex:       It affects your dexterity (+3).
   rC:        It greatly protects you from cold.
Wands
 q - a wand of paralysis (21)
 s - a wand of acid (6)
 w - a wand of charming (16)
 B - a wand of polymorph (11)
 J - a wand of flame (29)
 M - a wand of digging (14)
 N - a wand of mindburst (8) (quivered)
 U - a wand of iceblast (19)
Scrolls
 g - 12 scrolls of teleportation
 u - 2 scrolls of amnesia
 x - 2 scrolls of torment {unknown}
 y - 5 scrolls of vulnerability {unknown}
 z - 3 scrolls of summoning
 C - a scroll of silence {unknown}
 D - 3 scrolls of enchant armour
 E - 5 scrolls of blinking
 G - a scroll of holy word {unknown}
 O - 2 scrolls of fear
 P - 2 scrolls of fog
 R - 2 scrolls of enchant weapon
 S - 5 scrolls of magic mapping
 T - 4 scrolls of brand weapon
Potions
 a - 2 potions of ambrosia
 b - 3 potions of haste
 d - 5 potions of brilliance
 i - 3 potions of magic
 l - a potion of cancellation
 n - 13 potions of curing
 o - 2 potions of might
 p - 2 potions of heal wounds
 t - 4 potions of invisibility
 A - 6 potions of lignification
 H - 2 potions of mutation {unknown}
 I - 3 potions of attraction
 X - 2 potions of flight {unknown}
 Y - a potion of resistance {unknown}
Miscellaneous
 W - a condenser vane (inert)


   Skills:
 + Level 12.4 Fighting
 + Level 12.1 Short Blades
 + Level 12.1 Long Blades
 + Level 12.1 Axes
 + Level 12.1 Maces & Flails
 + Level 12.1 Polearms
 + Level 13.1 Staves
 + Level 12.1 Slings
 + Level 12.1 Bows
 + Level 12.1 Crossbows
 + Level 12.1 Throwing
 + Level 12.1 Armour
 + Level 12.9 Dodging
 + Level 16.4 Stealth
 + Level 12.1 Shields
 + Level 13.7 Unarmed Combat
 + Level 13.1 Spellcasting
 + Level 10.3 Conjurations
 + Level 10.3 Hexes
 + Level 10.3 Summonings
 + Level 10.3 Necromancy
 + Level 10.3 Translocations
 + Level 11.0 Transmutations
 + Level 10.3 Fire Magic
 + Level 10.3 Ice Magic
 + Level 10.3 Air Magic
 + Level 10.3 Earth Magic
 + Level 10.3 Poison Magic
 + Level 13.2 Invocations
 + Level 12.1 Evocations


You had 10 spell levels left.
You knew the following spells:

 Your Spells              Type           Power      Damage    Failure   Level
a - Ice Form              Ice/Tmut       59%        N/A       1%          4
b - Metabolic Englaciati  Hex/Ice        29%        N/A       1%          5
c - Airstrike             Air            29%        N/A       1%          4
d - Wereblood             Tmut           60%        N/A       1%          2
e - Flame Wave            Conj/Fire      58%        2d11      1%          4
f - Silence               Hex/Air        29%        N/A       1%          5
g - Animate Armour        Summ/Erth      100%       N/A       1%          4
h - Yara's Violent Unrav  Hex/Tmut       29%        3d12      1%          5

Your spell library contained the following spells:

 Spells                   Type           Power      Damage    Failure   Level
 Apportation              Tloc           100%       N/A       1%          1
 Beastly Appendage        Tmut           100%       N/A       1%          1
 Magic Dart               Conj           100%       1d8       1%          1
 Shock                    Conj/Air       100%       1d9       1%          1
 Slow                     Hex            100%       N/A       1%          1
 Summon Small Mammal      Summ           100%       N/A       1%          1
 Poisonous Vapours        Pois/Air       100%       N/A       1%          2
 Scorch                   Fire           100%       2d10      1%          2
 Searing Ray              Conj           100%       2d8       1%          2
 Call Canine Familiar     Summ           58%        N/A       1%          3
 Confusing Touch          Hex            58%        N/A       1%          3
 Dazzling Flash           Conj/Hex       100%       N/A       1%          3
 Frozen Ramparts          Ice            100%       1d12      1%          3
 Gell's Gravitas          Tloc           58%        N/A       1%          3
 Ignite Poison            Fire/Tmut/Pois 59%        N/A       1%          3
 Mephitic Cloud           Conj/Pois/Air  58%        N/A       1%          3
 Spider Form              Tmut/Pois      59%        N/A       1%          3
 Stone Arrow              Conj/Erth      100%       3d13      1%          3
 Summon Guardian Golem    Hex/Summ       58%        N/A       1%          3
 Swiftness                Air            58%        N/A       1%          3
 Teleport Other           Tloc           58%        N/A       1%          3
 Vampiric Draining        Necr           58%        2d10      1%          3
 Fulminant Prism          Conj/Hex       29%        3d14      1%          4
 Iskenderun's Mystic Bla  Conj/Tloc      58%        2d12      1%          4
 Leda's Liquefaction      Hex/Erth       29%        N/A       1%          4
 Passage of Golubria      Tloc           58%        N/A       1%          4
 Summon Ice Beast         Ice/Summ       58%        N/A       1%          4
 Alistair's Intoxication  Tmut/Pois      39%        N/A       1%          5
 Borgnjor's Vile Clutch   Necr/Erth      29%        N/A       1%          5
 Lee's Rapid Deconstruct  Erth           29%        3d16*     1%          5
 Summon Forest            Summ/Tloc      29%        N/A       1%          5
 Eringya's Noxious Bog    Tmut/Pois      29%        N/A       10%         6
 Statue Form              Tmut/Erth      39%        N/A       10%         6
 Conjure Ball Lightning   Conj/Air       29%        3x3d8     11%         6
 Dispersal                Tloc           29%        N/A       11%         6
 Simulacrum               Ice/Necr       29%        N/A       11%         6
 Starburst                Conj/Fire      29%        6d9       11%         6
 Summon Cactus Giant      Summ           29%        N/A       11%         6
 Summon Hydra             Summ           29%        N/A       52%         7
 Discord                  Hex            29%        N/A       99%         8
 Disjunction              Tloc           29%        N/A       99%         8
 Lehudib's Crystal Spear  Conj/Erth      29%        10d8      99%         8
 Maxwell's Capacitive Co  Air            29%        ∞         99%         8


Dungeon Overview and Level Annotations

Branches:
Dungeon (15/15)            Temple (1/1) D:6            Lair (6/6) D:11
 Shoals (0/4) Lair:2        Snake (4/4) Lair:2        Slime (5/5) Lair:5
    Orc (2/2) D:10            Elf (0/3) Orc:2        Vaults (0/5) D:13
 Depths (0/4) D:15          Sewer (visited)           IceCv (visited)
Gauntlet (visited)

Altars:
Ashenzari
Cheibriados
Dithmenos
Elyvilon
Fedhas
Gozag
Hepliaklqana
Kikubaaqudgha
Makhleb
Nemelex Xobeh
Okawaru
Qazlal
Ru
Sif Muna
Trog
Uskayaw
Vehumet
Wu Jian
Xom
Yredelemnul
Zin
The Shining One
Beogh
Jiyva

Shops:
D:3 [   D:11 (   D:12 (!   Orc:1 *   Orc:2 ?=[?   Snake:4 (*=[

Portals:
Trove: D:15 (give pearl dragon scales "Piapa")

Annotations:
D:9 exclusion: downstairs
Slime:5 Royal Jelly


Innate Abilities, Weirdness & Mutations

You have very sharp teeth.
Your uncanny sense of smell can sniff out nearby items.
Your experience applies equally to all skills.
You have hooves in place of feet.
You have a pair of small horns on your head.
You are mostly covered in iridescent scales. (AC +4)
You possess an exceptional clarity of mind.
Your mind is acute. (Int +2)
You are covered in thick fur. (AC +2)
Your body has grown eyes which may confuse attackers. (Acc +3)
Your gelatinous body deflects attacks. (AC +3, EV +3)
You have a small jelly attached to you that senses nearby items.
You sometimes lose the ability to read scrolls when taking damage.


Message History

The naga mage gestures at you while chanting.
The bolt of poison hits you but does no damage.
You are more poisoned.
You resist.
You closely miss the naga. Your kick misses the naga.
The naga is almost dead.
Your +6 falchion "Wiariath" {spect, rC+ Will+ Int+3} hits the naga.
You kill the naga!
You feel sick.
The guardian serpent is no longer moving slowly.
The wall burns the naga warrior!
The naga warrior closely misses you. The naga warrior grabs you.
The naga warrior constricts you.
* * * LOW HITPOINT WARNING * * *
The naga sharpshooter mumbles some strange words.
The naga sharpshooter magically shoots an arrow.
The arrow hits you!
* * * LOW HITPOINT WARNING * * *
Okay, then.
Aiming: Iceblast
Press: ? - help, Shift-Dir - straight line, f - naga warrior
Aim: a naga warrior, wielding a +0 war axe and wearing a +0 robe (moderately wounded, constricting you, concentrated venom) That beam is likely to hit you.
Continue anyway?
The mass of ice explodes!
The iceblast engulfs the naga warrior!
The naga warrior is heavily wounded.
The iceblast engulfs the guardian serpent!!
The guardian serpent is severely wounded.
The iceblast engulfs you! You partially resist.
* * * LOW HITPOINT WARNING * * *
The iceblast engulfs the naga mage!
The naga mage is moderately wounded.
The iceblast engulfs the naga!
The naga is severely wounded.
The iceblast engulfs the naga mage!!
The naga mage is almost dead.
You feel very sick.
You hear a shout! x2; You hear an angry hiss.
The wall burns the naga mage!
The naga mage gestures at you while chanting.
The bolt of poison hits you! You resist.
You die...

#..#.....# #......
..####..#..#..####......
..§#.##.#..#..#.........
......#.#..#..#.........
⌠.....#.#..#...#........
....###..#...##.###...
#...##..#....#.# #... ∆
#.SN#§..#....#.###...
#..N@)..##...##.##...
####.NNN.#####..#.##...
###..##....##..#......... ∆
###...#.##..##.............
#######.....#..########..........
..................# #...##.......
..................###...####.....
##......................###......
##.....................###.......


You could see a naga warrior (curare), a naga sharpshooter (strong), a guardian
serpent, 2 naga magi and a naga (strong, slow).

Vanquished Creatures
  Rupert (D:15)
  5 nagarajas
  A frost giant (D:15)
  A minotaur (Gauntlet)
  Snorg (Orc:1)
  Josephine (D:15)
  Fannar (Lair:3)
  11 hydras
  Harold (D:10)
  A salamander tyrant (Snake:3)
  6 boulder beetles
  An ice dragon (IceCv)
  13 naga warriors
  2 ogre magi
  12 anacondas
  The ghost of macfelon the Destroyer, a journeyman HuCj (Lair:1)
  2 catoblepae
  16 two-headed ogres
  A death knight (D:14)
  3 tengu warriors
  A deep troll shaman (Lair:6)
  14 death yaks
  4 centaur warriors
  10 naga sharpshooters
  8 shock serpents
  4 orc high priests (Orc:2)
  6 salamander mystics
  4 sixfirhies (Gauntlet)
  5 naga ritualists
  2 sea snakes (Snake:3)
  A lindwurm (Lair:6)
  A harpy (D:14)
  7 orc knights
  3 deep elf pyromancers (D:15)
  8 ugly things
  4 mana vipers
  5 orc sorcerers
  A wolf spider (D:14)
  3 manticores
  6 cyclopes
  2 will-o-the-wisps (D:14)
  A moth of wrath (Gauntlet)
  19 salamanders
  13 elephants
  9 naga magi
  2 ice statues (IceCv)
  25 black mambas
  8 guardian serpents
  A black mamba (shapeshifter) (D:14)
  Maggie (D:7)
  3 gargoyles
  12 cane toads
  5 rime drakes
  3 unseen horrors
  9 komodo dragons
  2 yaktaurs
  5 trolls
  A hornet (D:11)
  17 blink frogs
  3 polar bears
  A raiju (shapeshifter) (D:14)
  10 dream sheep
  A centaur simulacrum (D:12)
  4 wyverns
  Sigmund (D:3)
  3 shadows
  4 wraiths (D:15)
  Eustachio (D:6)
  69 yaks
  5 basilisks
  3 hogs (Lair:4)
  16 vampire mosquitoes
  Grum (D:11)
  24 nagas
  4 wargs
  2 acid dragons
  Duvessa (D:7)
  11 water moccasins
  A swamp drake (D:14)
  32 orc warriors
  A sky beast (D:5)
  2 black bears
  A hornet zombie (D:6)
  34 wolves
  A boggart (D:14)
  14 ogres
  A necrophage (D:5)
  11 centaurs
  A phantom (D:6)
  3 kobold brigands
  A gnoll sergeant (D:11)
  12 bullfrogs
  2 wyvern zombies
  2 scorpions (D:4)
  Dowan (D:7)
  13 killer bees
  2 lindwurm simulacra (IceCv)
  An electric eel (Snake:3)
  5 wights (D:9)
  A vampire bat (Lair:4)
  5 centaur zombies
  A bullfrog zombie (D:7)
  3 jellies
  7 komodo dragon simulacra (IceCv)
  26 orc priests
  A gnoll shaman (D:6)
  6 hounds
  2 bullfrog skeletons (D:5)
  2 centaur skeletons
  4 iguanas
  Ijyb (D:5)
  Natasha (thrice) (D:2)
  14 orc wizards
  A killer bee zombie (D:9)
  2 hound skeletons (D:4)
  Robin (D:2)
  12 gnolls
  3 acid dragon simulacra (IceCv)
  7 adders
  3 river rats (Sewer)
  A white imp (D:6)
  4 steam dragon simulacra (IceCv)
  2 worms
  4 dart slugs
  92 orcs
  8 ball pythons
  12 bats
  11 endoplasms
  5 giant cockroaches
  17 goblins
  6 hobgoblins
  5 jackals (Sewer)
  5 quokkas
  4 frilled lizards
  17 kobolds
  6 rats
925 creatures vanquished.

Vanquished Creatures (collateral kills)
  An anaconda (Snake:4)
  A two-headed ogre (D:11)
  A death yak (Lair:5)
  2 salamanders
  An elephant (Lair:4)
  A cane toad (Lair:6)
  A dream sheep (Lair:5)
  A yak (Lair:6)
  A wolf (Lair:4)
  2 plants (Lair:2)
12 creatures vanquished.

Vanquished Creatures (others)
  Kirke (Lair:4)
  A naga sharpshooter (Snake:3)
  An orc sorcerer (Orc:2)
  A salamander (Snake:3)
  A deep elf pyromancer (D:12)
  A guardian serpent (Lair:1)
  A naga mage (Snake:3)
  A slime creature (D:12)
  2 yaks
  A hog (Lair:4)
  A vampire mosquito (D:14)
  A naga (Snake:3)
  5 orc warriors (Orc:2)
  2 wolves (Lair:4)
  An ogre (Orc:2)
  2 centaurs
  2 bullfrogs
  2 killer bees (D:8)
  3 howler monkeys (D:13)
  3 komodo dragon simulacra (IceCv)
  126 jellies
  2 orc priests (Orc:2)
  2 acid dragon simulacra (IceCv)
  22 orcs
  A bush (Lair:5)
  10 foxfires (D:14)
  74 fungi
  145 plants
415 creatures vanquished.

Grand Total: 1352 creatures vanquished

Notes
Turn   | Place    | Note
-------+----------+-------------------------------------------
     0 | D:1      | themarg the Gnoll Transmuter began the quest for the Orb.
     0 | D:1      | Reached XP level 1. HP: 17/17 MP: 6/6
   222 | D:1      | Reached XP level 2. HP: 18/23 MP: 5/7
   694 | D:1      | Reached XP level 3. HP: 28/28 MP: 7/9
   698 | D:1      | Learned a level 3 spell: Spider Form
   848 | D:2      | Reached skill level 5 in Spellcasting
  1062 | D:2      | Noticed Natasha
  1070 | D:2      | Killed Natasha
  1071 | D:2      | Reached skill level 1 in Short Blades
  1071 | D:2      | Reached skill level 1 in Long Blades
  1071 | D:2      | Reached skill level 1 in Axes
  1071 | D:2      | Reached skill level 1 in Maces & Flails
  1071 | D:2      | Reached skill level 1 in Polearms
  1071 | D:2      | Reached skill level 1 in Staves
  1071 | D:2      | Reached skill level 1 in Slings
  1071 | D:2      | Reached skill level 1 in Bows
  1071 | D:2      | Reached skill level 1 in Crossbows
  1071 | D:2      | Reached skill level 1 in Throwing
  1071 | D:2      | Reached skill level 1 in Armour
  1071 | D:2      | Reached skill level 1 in Stealth
  1071 | D:2      | Reached skill level 1 in Shields
  1071 | D:2      | Reached skill level 1 in Invocations
  1071 | D:2      | Reached skill level 1 in Evocations
  1120 | D:2      | Noticed Natasha
  1135 | D:2      | Killed Natasha
  1136 | D:2      | Reached XP level 4. HP: 4/34 MP: 8/11
  1413 | D:2      | Reached skill level 1 in Conjurations
  1413 | D:2      | Reached skill level 1 in Hexes
  1413 | D:2      | Reached skill level 1 in Summonings
  1413 | D:2      | Reached skill level 1 in Necromancy
  1413 | D:2      | Reached skill level 1 in Translocations
  1413 | D:2      | Reached skill level 1 in Fire Magic
  1413 | D:2      | Reached skill level 1 in Ice Magic
  1413 | D:2      | Reached skill level 1 in Air Magic
  1413 | D:2      | Reached skill level 1 in Earth Magic
  1413 | D:2      | Reached skill level 1 in Poison Magic
  1626 | D:2      | Noticed Natasha
  1631 | D:2      | Noticed Robin
  1807 | D:2      | Killed Natasha
  1808 | D:2      | Reached XP level 5. HP: 27/40 MP: 9/12
  1918 | D:2      | Killed Robin
  2395 | D:3      | Found a faded altar of an unknown god.
  2516 | D:3      | Found Ypal's Armour Shoppe.
  3183 | D:3      | Reached XP level 6. HP: 47/47 MP: 9/13
  3279 | D:3      | Noticed Sigmund
  3369 | D:3      | Killed Sigmund
  3370 | D:3      | Reached skill level 5 in Dodging
  3370 | D:3      | Reached skill level 2 in Stealth
  3621 | D:4      | Reached XP level 7. HP: 48/52 MP: 12/15
  4085 | D:4      | You fall into a shaft and drop 2 floors!
  4091 | D:5      | Entered Level 5 of the Dungeon
  4096 | D:5      | Identified a scroll of acquirement
  4096 | D:5      | Acquired a +6 battleaxe of venom
  4761 | D:5      | Reached XP level 8. HP: 60/60 MP: 16/16
  4763 | D:5      | Reached skill level 3 in Stealth
  4803 | D:5      | Found a glowing drain.
  4807 | Sewer    | Entered a sewer
  5863 | D:5      | Noticed Ijyb
  5870 | D:5      | Killed Ijyb
  5878 | D:5      | Reached skill level 4 in Stealth
  6256 | D:6      | Noticed Eustachio
  6267 | D:6      | Killed Eustachio
  6268 | D:6      | Reached skill level 5 in Transmutations
  6268 | D:6      | Reached XP level 9. HP: 66/66 MP: 15/18
  6723 | D:6      | Found a staircase to the Ecumenical Temple.
  6743 | Temple   | Entered the Ecumenical Temple
  6888 | Temple   | Became a worshipper of Jiyva Jaoptokh the Shapeless
  7194 | D:7      | Reached skill level 5 in Fighting
  7240 | D:7      | Reached skill level 5 in Stealth
  7255 | D:7      | Reached * piety under Jiyva
  7260 | D:7      | Found a shimmering altar of Xom.
  7492 | D:7      | Reached ** piety under Jiyva
  7539 | D:7      | Noticed Maggie
  7700 | D:7      | Noticed Duvessa
  7701 | D:7      | Noticed Dowan
  7703 | D:7      | Killed Dowan
  7714 | D:7      | Killed Duvessa
  7863 | D:8      | Reached skill level 5 in Invocations
  7955 | D:8      | Reached *** piety under Jiyva
  8178 | D:8      | Reached XP level 10. HP: 74/74 MP: 20/20
  8289 | D:8      | Reached skill level 6 in Stealth
  8460 | D:9      | Gained mutation: Your translucent skin slightly reduces
                  | your foes' accuracy. (Stealth+) [Jiyva's grace]
  8460 | D:9      | Gained mutation: Your translucent skin reduces your foes'
                  | accuracy. (Stealth+) [Jiyva's grace]
  8460 | D:9      | Gained mutation: Your transparent skin significantly
                  | reduces your foes' accuracy. (Stealth+) [Jiyva's grace]
  8460 | D:9      | Gained mutation: You have sharp fingernails. [Jiyva's
                  | grace]
  8516 | D:9      | Reached skill level 5 in Short Blades
  8516 | D:9      | Reached skill level 5 in Long Blades
  8516 | D:9      | Reached skill level 5 in Axes
  8516 | D:9      | Reached skill level 5 in Maces & Flails
  8516 | D:9      | Reached skill level 5 in Polearms
  8516 | D:9      | Reached skill level 5 in Staves
  8516 | D:9      | Reached skill level 5 in Slings
  8516 | D:9      | Reached skill level 5 in Bows
  8516 | D:9      | Reached skill level 5 in Crossbows
  8516 | D:9      | Reached skill level 5 in Throwing
  8516 | D:9      | Reached skill level 5 in Armour
  8516 | D:9      | Reached skill level 5 in Shields
  8516 | D:9      | Reached skill level 5 in Evocations
  8822 | D:9      | Reached **** piety under Jiyva
  8875 | D:9      | Found a glowing silver altar of Zin.
  8880 | D:9      | Found a bloodstained altar of Trog.
  8956 | D:9      | Found an iron altar of Okawaru.
  8961 | D:9      | Found a broken altar of Ashenzari.
  8961 | D:9      | Found a sacrificial altar of Ru.
  8962 | D:9      | Found a burning altar of Makhleb.
  8963 | D:9      | Found a shadowy altar of Dithmenos.
  8965 | D:9      | Found a radiant altar of Vehumet.
  8966 | D:9      | Found a white marble altar of Elyvilon.
  9148 | D:9      | Found a basalt altar of Yredelemnul.
  9151 | D:9      | Noticed a profane servitor
  9160 | D:9      | Found a glowing golden altar of the Shining One.
  9162 | D:9      | Noticed an angel
  9320 | D:10     | Entered Level 10 of the Dungeon
  9320 | D:10     | Noticed a two-headed ogre
  9419 | D:10     | Reached skill level 7 in Stealth
  9627 | D:10     | Found a sparkling altar of Nemelex Xobeh.
  9652 | D:10     | Noticed Harold
  9883 | D:11     | Noticed a death yak
  9883 | D:11     | Noticed a death yak
  9883 | D:11     | Found a staircase to the Lair.
  9924 | D:11     | Reached ***** piety under Jiyva
 10038 | D:11     | Killed an unseen horror
 10079 | D:11     | Lost mutation: Your transparent skin significantly reduces
                  | your foes' accuracy. (Stealth+) [Jiyva's grace]
 10079 | D:11     | Lost mutation: Your translucent skin reduces your foes'
                  | accuracy. (Stealth+) [Jiyva's grace]
 10079 | D:11     | Gained mutation: You have a small jelly attached to you
                  | that senses nearby items. [Jiyva's grace]
 10079 | D:11     | Gained mutation: Your rubbery body absorbs attacks. (AC +1,
                  | EV +1) [Jiyva's grace]
 10079 | D:11     | Gained mutation: Your pliable body absorbs attacks. (AC +2,
                  | EV +2) [Jiyva's grace]
 10079 | D:11     | Gained mutation: Your gelatinous body deflects attacks. (AC
                  | +3, EV +3) [Jiyva's grace]
 10092 | D:11     | Found Kiudwele's Weapon Shop.
 10098 | D:11     | Bought 4 atropa-tipped darts for 26 gold pieces
 10146 | D:11     | Noticed Grum
 10166 | D:11     | Killed Grum
 10167 | D:11     | Reached XP level 11. HP: 80/83 MP: 22/22
 10256 | D:11     | Noticed a death yak
 10264 | D:11     | Noticed a two-headed ogre
 10348 | D:11     | Reached skill level 5 in Conjurations
 10348 | D:11     | Reached skill level 5 in Hexes
 10348 | D:11     | Reached skill level 5 in Summonings
 10348 | D:11     | Reached skill level 5 in Necromancy
 10348 | D:11     | Reached skill level 5 in Translocations
 10348 | D:11     | Reached skill level 5 in Fire Magic
 10348 | D:11     | Reached skill level 5 in Ice Magic
 10348 | D:11     | Reached skill level 5 in Air Magic
 10348 | D:11     | Reached skill level 5 in Earth Magic
 10348 | D:11     | Reached skill level 5 in Poison Magic
 10558 | D:11     | Killed a two-headed ogre
 10559 | D:11     | Reached skill level 8 in Stealth
 10711 | D:11     | Noticed a death yak
 10748 | D:11     | Learned a level 4 spell: Ice Form
 10753 | D:11     | Learned a level 4 spell: Airstrike
 10776 | D:11     | Noticed a death yak
 10884 | D:11     | Killed a death yak
 10891 | D:11     | Killed a death yak
 11065 | D:11     | Killed a death yak
 11098 | D:10     | Killed a death yak
 11311 | D:10     | Found a staircase to the Orcish Mines.
 11365 | D:10     | Killed a death yak
 11561 | Lair:1   | Entered Level 1 of the Lair of Beasts
 11729 | Lair:1   | Reached skill level 9 in Stealth
 11979 | Lair:1   | Noticed a boulder beetle
 12082 | Lair:1   | Found a large runed translucent door.
 12082 | Lair:1   | Found a large runed translucent door.
 12084 | Lair:1   | Noticed macfelon's ghost (journeyman HuCj)
 12107 | Lair:1   | Noticed a seven-headed hydra
 12115 | Lair:1   | Slimified a seven-headed hydra
 12115 | Lair:1   | Noticed an azure jelly
 12115 | Lair:1   | a seven-headed hydra changed into an azure jelly
 12171 | Lair:1   | Reached XP level 12. HP: 88/91 MP: 24/24
 12327 | Lair:1   | Found the +3 pair of seven-league boots {Rampage+∞}
 12527 | Lair:2   | Found a staircase to the Shoals.
 12564 | Lair:2   | Identified the +4 trident of Floods {antimagic, rElec rPois
                  | rN+ Int+3}
 12813 | Lair:2   | Found a staircase to the Snake Pit.
 12892 | Lair:2   | Reached ****** piety under Jiyva
 12892 | Lair:2   | Gained mutation: Your flesh is heat resistant. (rF+)
                  | [Jiyva's grace]
 12892 | Lair:2   | Gained mutation: Your flesh is very heat resistant. (rF++)
                  | [Jiyva's grace]
 12892 | Lair:2   | Gained mutation: Your flesh is almost immune to the effects
                  | of heat. (rF+++) [Jiyva's grace]
 12892 | Lair:2   | Gained mutation: You are covered in slimy tendrils that may
                  | disarm your opponents. [Jiyva's grace]
 12910 | Lair:2   | Noticed an eight-headed hydra
 13033 | Lair:2   | Found a frozen archway.
 13040 | Lair:2   | Identified the +9 morningstar "Ocemuhom" {vorpal, *Corrode
                  | rElec rF++}
 13046 | IceCv    | Entered an ice cave
 13236 | IceCv    | Noticed an ice dragon
 13254 | IceCv    | Killed an ice dragon
 13370 | IceCv    | Identified the ring of Tawk {rC++ AC+4 Str+4 Dex+3}
 13685 | Lair:2   | Reached skill level 10 in Stealth
 13685 | Lair:2   | Reached skill level 10 in Unarmed Combat
 14005 | Lair:1   | Killed a boulder beetle
 14416 | Lair:3   | Reached XP level 13. HP: 98/98 MP: 26/26
 14421 | Lair:3   | Found a gate leading to a gauntlet.
 14421 | Lair:3   | Noticed Fannar
 14435 | Lair:3   | Killed Fannar
 14441 | Gauntlet | Entered a Gauntlet
 14444 | Gauntlet | Found a transporter.
 14447 | Gauntlet | Found a transporter.
 14461 | Gauntlet | Found a transporter.
 14484 | Gauntlet | Identified the ring of Plog {rElec MP+9}
 14508 | Gauntlet | Learned a level 2 spell: Wereblood
 14513 | Gauntlet | Learned a level 4 spell: Flame Wave
 14519 | Gauntlet | Learned a level 5 spell: Silence
 14555 | Gauntlet | Found a transporter.
 14555 | Gauntlet | Found a transporter.
 14566 | Gauntlet | Identified the ring of Raisch {rC+ AC+4 Dex+2}
 14580 | Gauntlet | Found a runed translucent door.
 14581 | Gauntlet | Found a transporter.
 14582 | Gauntlet | Found a runed translucent door.
 14594 | Gauntlet | Found a runed translucent door.
 14596 | Gauntlet | Found a transporter.
 14623 | Gauntlet | Found a transporter.
 14708 | Gauntlet | Identified the ring "Meassuf" {rPois rF+}
 14708 | Gauntlet | Noticed a minotaur
 14727 | Gauntlet | Killed a minotaur
 14728 | Gauntlet | Reached skill level 11 in Stealth
 15802 | Orc:1    | Entered Level 1 of the Orcish Mines
 15928 | Orc:1    | Noticed Snorg
 15938 | Orc:1    | Killed Snorg
 16030 | Orc:1    | Found Qauto's Gadget Gallery.
 16230 | Orc:2    | Entered Level 2 of the Orcish Mines
 16358 | Orc:2    | Learned a level 4 spell: Animate Armour
 16386 | Orc:2    | Lost mutation: Your flesh is almost immune to the effects
                  | of heat. (rF+++) [Jiyva's grace]
 16386 | Orc:2    | Lost mutation: Your flesh is very heat resistant. (rF++)
                  | [Jiyva's grace]
 16386 | Orc:2    | Lost mutation: Your gelatinous body deflects attacks. (AC
                  | +3, EV +3) [Jiyva's grace]
 16386 | Orc:2    | Lost mutation: You are covered in slimy tendrils that may
                  | disarm your opponents. [Jiyva's grace]
 16386 | Orc:2    | Gained mutation: Your translucent skin reduces your foes'
                  | accuracy. (Stealth+) [Jiyva's grace]
 16386 | Orc:2    | Gained mutation: Your transparent skin significantly
                  | reduces your foes' accuracy. (Stealth+) [Jiyva's grace]
 16386 | Orc:2    | Gained mutation: You have acidic saliva. [Jiyva's grace]
 16386 | Orc:2    | Gained mutation: Your body has grown eyes which may confuse
                  | attackers. (Acc +3) [Jiyva's grace]
 16526 | Orc:2    | Reached skill level 10 in Spellcasting
 16529 | Orc:2    | Found Fupsevism's Armour Shop.
 16590 | Orc:2    | Noticed an orc warlord
 16605 | Orc:2    | Slimified an orc warlord
 16605 | Orc:2    | Noticed an azure jelly
 16605 | Orc:2    | an orc warlord changed into an azure jelly
 16679 | Orc:2    | Found Letuir's Magic Scroll Boutique.
 16778 | Orc:2    | Reached skill level 10 in Dodging
 16778 | Orc:2    | Reached XP level 14. HP: 96/108 MP: 28/28
 16911 | Orc:2    | Reached skill level 12 in Stealth
 16924 | Orc:2    | Found Doddif's Magic Scroll Emporium.
 17041 | Orc:2    | Found Nyqi's Jewellery Shoppe.
 17321 | Orc:2    | Found a staircase to the Elven Halls.
 17929 | Orc:2    | Bought 3 scrolls of magic mapping for 157 gold pieces
 17933 | Orc:2    | Bought a scroll of identify for 30 gold pieces
 17933 | Orc:2    | Bought a scroll of fear for 52 gold pieces
 17933 | Orc:2    | Bought a scroll of identify for 30 gold pieces
 17979 | Orc:1    | Bought a wand of digging (7) for 242 gold pieces
 17979 | Orc:1    | Bought a wand of iceblast (4) for 88 gold pieces
 18189 | D:7      | Killed Maggie
 18306 | D:10     | Reached skill level 10 in Invocations
 18373 | D:10     | Killed Harold
 18532 | D:12     | Identified the +6 falchion "Wiariath" {spect, rC+ Will+
                  | Int+3}
 18554 | D:12     | Found Jixu's Antique Weapon Shoppe.
 18747 | D:12     | Identified the +0 robe "Akaletee" {Rampage}
 18885 | D:12     | Found Uraycose's Distillery.
 18915 | D:12     | Bought 2 potions of invisibility for 224 gold pieces
 18922 | D:12     | Lost mutation: You have sharp fingernails. [Jiyva's grace]
 18922 | D:12     | Lost mutation: Your transparent skin significantly reduces
                  | your foes' accuracy. (Stealth+) [Jiyva's grace]
 18922 | D:12     | Lost mutation: Your translucent skin reduces your foes'
                  | accuracy. (Stealth+) [Jiyva's grace]
 18922 | D:12     | Lost mutation: You have a small jelly attached to you that
                  | senses nearby items. [Jiyva's grace]
 18922 | D:12     | Gained mutation: You have a pair of small horns on your
                  | head. [Jiyva's grace]
 18922 | D:12     | Gained mutation: You have a pair of horns on your head.
                  | [Jiyva's grace]
 18922 | D:12     | Gained mutation: You have a pair of large horns on your
                  | head. [Jiyva's grace]
 18922 | D:12     | Gained mutation: You are robust. (+10% HP) [Jiyva's grace]
 19194 | D:13     | Identified the +10 crystal plate armour of Death Resistance
                  | {rF++ rC- Will+ MP+9}
 19304 | D:13     | Found a gate to the Vaults.
 19693 | D:13     | Got the Disquisition on Mutagenic Malediction
 19875 | Lair:1   | Killed macfelon's ghost
 19940 | Lair:4   | Reached skill level 10 in Fighting
 19981 | Lair:4   | Reached skill level 13 in Stealth
 20195 | Lair:4   | Reached XP level 15. HP: 104/126 MP: 29/29
 20242 | Lair:4   | Noticed Kirke
 20273 | Lair:4   | Killed Kirke
 20766 | Lair:5   | Reached skill level 10 in Short Blades
 20766 | Lair:5   | Reached skill level 10 in Long Blades
 20766 | Lair:5   | Reached skill level 10 in Axes
 20766 | Lair:5   | Reached skill level 10 in Maces & Flails
 20766 | Lair:5   | Reached skill level 10 in Polearms
 20766 | Lair:5   | Reached skill level 10 in Staves
 20766 | Lair:5   | Reached skill level 10 in Slings
 20766 | Lair:5   | Reached skill level 10 in Bows
 20766 | Lair:5   | Reached skill level 10 in Crossbows
 20766 | Lair:5   | Reached skill level 10 in Throwing
 20766 | Lair:5   | Reached skill level 10 in Armour
 20766 | Lair:5   | Reached skill level 10 in Shields
 20766 | Lair:5   | Reached skill level 10 in Evocations
 20830 | Lair:5   | Lost mutation: Your flesh is heat resistant. (rF+) [Jiyva's
                  | grace]
 20830 | Lair:5   | Lost mutation: Your body has grown eyes which may confuse
                  | attackers. (Acc +3) [Jiyva's grace]
 20830 | Lair:5   | Lost mutation: Your translucent skin slightly reduces your
                  | foes' accuracy. (Stealth+) [Jiyva's grace]
 20830 | Lair:5   | Gained mutation: Your body has grown eyes which may confuse
                  | attackers. (Acc +3) [Jiyva's grace]
 20830 | Lair:5   | Gained mutation: Your body has grown many eyes which may
                  | confuse attackers. (Acc +5) [Jiyva's grace]
 20830 | Lair:5   | Gained mutation: Your body is covered in eyes which may
                  | confuse attackers. (Acc +7, SInv) [Jiyva's grace]
 20830 | Lair:5   | Gained mutation: Your flesh is cold resistant. (rC+)
                  | [Jiyva's grace]
 21212 | Lair:5   | Found a viscous altar of Jiyva.
 21212 | Lair:5   | Found a staircase to the Slime Pits.
 21263 | Lair:5   | You fall into a shaft and drop 1 floor!
 21263 | Lair:6   | Entered Level 6 of the Lair of Beasts
 21956 | Lair:6   | Reached skill level 14 in Stealth
 22540 | Slime:1  | Entered Level 1 of the Pits of Slime
 22546 | Slime:1  | Noticed a rockslime
 22547 | Slime:2  | Noticed an acid blob
 22550 | Slime:2  | Noticed an acid blob
 22579 | Slime:5  | Entered Level 5 of the Pits of Slime
 22595 | Slime:5  | Noticed an acid blob
 22604 | Slime:5  | Noticed an azure jelly
 22609 | Slime:5  | Noticed an azure jelly
 22609 | Slime:5  | Noticed an acid blob
 22611 | Slime:5  | Noticed an acid blob
 22612 | Slime:5  | Found a viscous altar of Jiyva.
 22612 | Slime:5  | Noticed an azure jelly
 22614 | Slime:5  | Noticed an acid blob
 22618 | Slime:5  | Identified the ring of Nenyjona {Fly Dex+4}
 22618 | Slime:5  | Noticed the Royal Jelly
 22621 | Slime:5  | Identified the +9 dagger of the Wolf {vorpal, rPois rN+
                  | Stlth+}
 22623 | Slime:5  | Identified the +9 bardiche of Interdependent Arising {holy,
                  | Int+4}
 22630 | Slime:5  | Identified the ring "Geschud" {rPois Will+ AC+4}
 22646 | Slime:5  | Got the Reference Book on Necromancy and Toxins
 22647 | Slime:5  | Identified the +6 shortbow of Wyrd {speed, rCorr}
 22650 | Slime:5  | Identified the +5 robe of Sif Muna's Approval {rElec rF+
                  | rC+ Str-4}
 22659 | Slime:5  | Got a slimy rune of Zot
 22661 | Slime:5  | Identified the +2 scale mail of Viylabuu {Rampage rC+ SInv}
 22702 | Slime:5  | Noticed an acid blob
 22720 | Slime:4  | Noticed an acid blob
 22720 | Slime:4  | Noticed an acid blob
 22893 | Slime:3  | Noticed a rockslime
 22900 | Slime:3  | Noticed an acid blob
 22903 | Slime:2  | Noticed an acid blob
 22907 | Slime:2  | Noticed an acid blob
 22907 | Slime:2  | Noticed an azure jelly
 22919 | Slime:1  | Noticed an acid blob
 22925 | Slime:1  | Noticed an acid blob
 22988 | Snake:1  | Entered Level 1 of the Snake Pit
 23102 | Snake:1  | Reached XP level 16. HP: 127/136 MP: 31/31
 23108 | Snake:1  | Gained mutation: You have large cloven feet. [Jiyva's
                  | grace]
 23108 | Snake:1  | Gained mutation: You have hoof-like feet. [Jiyva's grace]
 23108 | Snake:1  | Gained mutation: You have hooves in place of feet. [Jiyva's
                  | grace]
 23108 | Snake:1  | Gained mutation: You are covered in fur. (AC +1) [Jiyva's
                  | grace]
 24413 | Snake:2  | Identified the +2 chain mail of Omission {Harm rElec Dex+2}
 24692 | Snake:2  | Lost mutation: Your body is covered in eyes which may
                  | confuse attackers. (Acc +7, SInv) [Jiyva's grace]
 24692 | Snake:2  | Lost mutation: Your body has grown many eyes which may
                  | confuse attackers. (Acc +5) [Jiyva's grace]
 24692 | Snake:2  | Gained mutation: Your mind is acute. (Int +2) [Jiyva's
                  | grace]
 24692 | Snake:2  | Gained mutation: Your mind is very acute. (Int +4) [Jiyva's
                  | grace]
 24692 | Snake:2  | Gained mutation: You are covered in thick fur. (AC +2)
                  | [Jiyva's grace]
 24692 | Snake:2  | Gained mutation: Your thick and shaggy fur keeps you warm.
                  | (AC +3, rC+) [Jiyva's grace]
 25238 | Snake:2  | Identified the +7 chain mail of Megu {rN+ Dex+9}
 25498 | Snake:3  | Reached skill level 10 in Transmutations
 25537 | Snake:3  | Got the Compendium of Weightlessness and Contamination
 25811 | Snake:3  | Noticed a nagaraja
 26113 | D:14     | Reached skill level 15 in Stealth
 26172 | D:14     | Identified the +11 dagger "Ysiu" {holy, Will+ Dex+4}
 27049 | D:15     | Entered Level 15 of the Dungeon
 27055 | D:15     | Reached XP level 17. HP: 128/145 MP: 33/33
 27168 | D:15     | Lost mutation: Your mind is very acute. (Int +4) [Jiyva's
                  | grace]
 27168 | D:15     | Lost mutation: Your flesh is cold resistant. (rC+) [Jiyva's
                  | grace]
 27168 | D:15     | Lost mutation: You are robust. (+10% HP) [Jiyva's grace]
 27168 | D:15     | Lost mutation: Your thick and shaggy fur keeps you warm.
                  | (AC +3, rC+) [Jiyva's grace]
 27168 | D:15     | Lost mutation: You have acidic saliva. [Jiyva's grace]
 27168 | D:15     | Lost mutation: Your pliable body absorbs attacks. (AC +2,
                  | EV +2) [Jiyva's grace]
 27168 | D:15     | Gained mutation: You are partially covered in iridescent
                  | scales. (AC +2) [Jiyva's grace]
 27168 | D:15     | Gained mutation: You are mostly covered in iridescent
                  | scales. (AC +4) [Jiyva's grace]
 27168 | D:15     | Gained mutation: You are completely covered in iridescent
                  | scales. (AC +6) [Jiyva's grace]
 27168 | D:15     | Gained mutation: You are strong-willed. (Will+) [Jiyva's
                  | grace]
 27478 | D:15     | Learned a level 5 spell: Yara's Violent Unravelling
 27548 | D:15     | Noticed Rupert
 27555 | D:15     | Gained mutation: You sometimes lose the ability to read
                  | scrolls when taking damage. [you]
 27556 | D:15     | Killed Rupert
 27619 | D:15     | Found a staircase to the Depths.
 27806 | D:15     | Noticed Josephine
 27813 | D:15     | Killed Josephine
 27935 | D:15     | Found a portal to a secret trove of treasure.
 28046 | D:15     | Learned a level 5 spell: Metabolic Englaciation
 28621 | Snake:3  | Identified the +1 chain mail of Beboiqun {rF- Str+5 Dex+4}
 28993 | Snake:4  | Entered Level 4 of the Snake Pit
 29091 | Snake:4  | Reached skill level 16 in Stealth
 29091 | Snake:4  | Reached skill level 10 in Conjurations
 29091 | Snake:4  | Reached skill level 10 in Hexes
 29091 | Snake:4  | Reached skill level 10 in Summonings
 29091 | Snake:4  | Reached skill level 10 in Necromancy
 29091 | Snake:4  | Reached skill level 10 in Translocations
 29091 | Snake:4  | Reached skill level 10 in Fire Magic
 29091 | Snake:4  | Reached skill level 10 in Ice Magic
 29091 | Snake:4  | Reached skill level 10 in Air Magic
 29091 | Snake:4  | Reached skill level 10 in Earth Magic
 29091 | Snake:4  | Reached skill level 10 in Poison Magic
 29267 | Snake:4  | Noticed Vashnia
 29598 | Snake:4  | Lost mutation: You have a pair of large horns on your head.
                  | [Jiyva's grace]
 29598 | Snake:4  | Lost mutation: You have a pair of horns on your head.
                  | [Jiyva's grace]
 29598 | Snake:4  | Lost mutation: You are completely covered in iridescent
                  | scales. (AC +6) [Jiyva's grace]
 29598 | Snake:4  | Lost mutation: You are strong-willed. (Will+) [Jiyva's
                  | grace]
 29598 | Snake:4  | Gained mutation: You possess an exceptional clarity of
                  | mind. [Jiyva's grace]
 29598 | Snake:4  | Gained mutation: Your pliable body absorbs attacks. (AC +2,
                  | EV +2) [Jiyva's grace]
 29598 | Snake:4  | Gained mutation: Your gelatinous body deflects attacks. (AC
                  | +3, EV +3) [Jiyva's grace]
 29598 | Snake:4  | Gained mutation: You have a small jelly attached to you
                  | that senses nearby items. [Jiyva's grace]
 29628 | Snake:4  | Slimified Vashnia
 29628 | Snake:4  | Noticed Vashnia
 29628 | Snake:4  | Vashnia changed into Vashnia the acid blob
 29957 | Snake:4  | Reached XP level 18. HP: 141/141 MP: 35/35
 30157 | Snake:4  | Found Ceonurr's Jewellery Shoppe.
 30157 | Snake:4  | Found Gysmeuppu's Armour Boutique.
 30172 | Snake:4  | Found Sylorug's Assorted Antiques.
 30175 | Snake:4  | Found Cexahico's Weapon Shop.
 30392 | Snake:4  | Killed from afar by a naga mage

Illustrated notes

Levels and vault maps discovered:
D:1:      dpeg_arrival_ternary, layout_rooms
D:2:      layout_basic, uniq_natasha, uniq_robin
D:3:      layout_basic, serial_shops, shop,
          shapermc_ecumenical_altar_mp_ritualfount, uniq_sigmund
D:4:      nicolae_BIG_FREAKIN_CUBE, layout_basic
D:5:      layout_loops_cross, gup_sewer_entry_bowl, kennysheep_another_room,
          kennysheep_generic_room_2, uniq_ijyb
D:6:      layout_loops_ring, minmay_temple_entry_large_hall, uniq_eustachio
D:7:      layout_gridville, general_overflow_altar, uniq_maggie, uniq_duvessa
D:8:      layout_loops_cross
D:9:      layout_cave_pools, grunt_temple_overflow_holy_war, minitemple,
          grunt_ministairs_5
D:10:     layout_cave_pools, nemelex_spade_bored_becter, hiddenorc1_lemuel,
          uniq_harold
D:11:     cheibrodos_helix_gallery, layout_basic, dpeg_lair_monsters,
          serial_shops, shop, uniq_grum
D:12:     layout_irregular_city, serial_shops, shop, kennysheep_windowed_goal
D:13:     layout_roguey, david_vaults_2, library_closet
D:14:     minmay_the_grid_octo_triangle [minmay_the_grid_octo_focus,
          minmay_the_grid_octo_prize_square_snowflake,
          minmay_the_grid_octo_odd_swirl], layout_gridville,
          minmay_misc_feat_ornament, hex_tiny, pond
D:15:     grunt_enter_depths_snipers, layout_basic, trove_entry_hex_spiral,
          serial_rivers, chequers_serial_rivers_large_b,
          chequers_serial_rivers_micro_c, chequers_serial_rivers_micro_d,
          chequers_serial_rivers_micro_d, chequers_serial_rivers_room_b,
          chequers_serial_rivers_micro_d, kennysheep_pointless_box,
          uniq_josephine, uniq_rupert
Temple:   pf_slimified_temple
Lair:1:   layout_regular_city, ebering_ghost_disaster_area,
          hellmonk_guarded_unrand_seven_league_boots, lemuel_fruit_tree
Lair:2:   layout_regular_city, shoals_dummy_entry, guppyfry_snake_entry_garden,
          portal_ice_cave_entry_pillars_2
Lair:3:   layout_layer_cave, gauntlet_entry_generic, grunt_megastairs_2,
          serial_bayou_shore_b, uniq_fannar
Lair:4:   layout_long_grid, chequers_serial_rivers_micro_a, roderic_batcave,
          uniq_kirke
Lair:5:   layout_misc_corridors, slime_altar_1, hangedman_lair_generics_rect
Lair:6:   grunt_lair_end_beastmaster, layout_big_grid,
          chequers_serial_rivers_marsh
Snake:1:  layout_honeycomb, abandoned_shop
Snake:2:  layout_chambers
Snake:3:  layout_cave_town, st_stairs_1, serial_bayou_shore_a
Snake:4:  grunt_snake_rune_serpentine_throne, layout_onion_interference,
          serial_bayou_pond_e, hangedman_snake_thin_pillar_pass,
          nicolae_snake_serpentine_bazaar, uniq_vashnia
Slime:1:  layout_caves
Slime:2:  layout_caves
Slime:3:  layout_caves
Slime:4:  layout_caves
Slime:5
Orc:1:    layout_caves, nicolae_shop_gadgets, uniq_snorg
Orc:2:    pubby_orc_utopia

Skill      XL: |  1  2  3  4  5  6  7  8  9 10 11 12 13 14 15 16 17 18 |
---------------+-------------------------------------------------------+-----
Spellcasting   | 5 6 7 8 9 10 11 12 13 | 13.1
Short Blades   | 1 2 3 4 5 6 7 8 9 10 11 12 | 12.1
Long Blades    | 1 2 3 4 5 6 7 8 9 10 11 12 | 12.1
Axes           | 1 2 3 4 5 6 7 8 9 10 11 12 | 12.1
Maces & Flails | 1 2 3 4 5 6 7 8 9 10 11 12 | 12.1
Polearms       | 1 2 3 4 5 6 7 8 9 10 11 12 | 12.1
Staves         | 1 2 3 4 5 6 7 8 9 10 11 13 | 13.1
Slings         | 1 2 3 4 5 6 7 8 9 10 11 12 | 12.1
Bows           | 1 2 3 4 5 6 7 8 9 10 11 12 | 12.1
Crossbows      | 1 2 3 4 5 6 7 8 9 10 11 12 | 12.1
Throwing       | 1 2 3 4 5 6 7 8 9 10 11 12 | 12.1
Armour         | 1 2 3 4 5 6 7 8 9 10 11 12 | 12.1
Stealth        | 1 2 4 5 7 9 10 11 13 14 15 16 | 16.4
Shields        | 1 2 3 4 5 6 7 8 9 10 11 12 | 12.1
Invocations    | 1 2 3 4 5 6 7 8 9 10 11 12 13 | 13.2
Evocations     | 1 2 3 4 5 6 7 8 9 10 11 12 | 12.1
Conjurations   | 1 2 3 4 5 6 7 8 9 10 | 10.3
Hexes          | 1 2 3 4 5 6 7 8 9 10 | 10.3
Summonings     | 1 2 3 4 5 6 7 8 9 10 | 10.3
Necromancy     | 1 2 3 4 5 6 7 8 9 10 | 10.3
Translocations | 1 2 3 4 5 6 7 8 9 10 | 10.3
Fire Magic     | 1 2 3 4 5 6 7 8 9 10 | 10.3
Ice Magic      | 1 2 3 4 5 6 7 8 9 10 | 10.3
Air Magic      | 1 2 3 4 5 6 7 8 9 10 | 10.3
Earth Magic    | 1 2 3 4 5 6 7 8 9 10 | 10.3
Poison Magic   | 1 2 3 4 5 6 7 8 9 10 | 10.3
Fighting       | 3 4 5 6 7 8 9 10 11 12 | 12.4
Transmutations | 4 5 6 7 8 9 10 11 | 11.0
Dodging        | 5 6 7 8 9 10 11 12 | 12.9
Unarmed Combat | 7 8 9 10 11 12 13 | 13.7

Action                   |  1- 3 |  4- 6 |  7- 9 | 10-12 | 13-15 | 16-18 || total
-------------------------+-------+-------+-------+-------+-------+-------++-------
Melee: Unarmed           |    29 |   106 |   430 |   685 |    92 |    69 ||  1411
       Kick              |    10 |       |       |       |       |   323 ||   333
       Bite              |     4 |     1 |     3 |     2 |   120 |   107 ||   237
       Punch             |     2 |     1 |       |       |    34 |    75 ||   112
       Short sword       |    35 |     5 |       |       |       |       ||    40
       Headbutt          |     4 |       |       |       |   139 |   201 ||   344
       Battleaxe         |       |       |    15 |    19 |   433 |       ||   467
       Morningstar       |       |       |       |     2 |       |       ||     2
       Falchion          |       |       |       |       |   289 |   642 ||   931
Throw: Dart              |       |       |     3 |       |       |       ||     3
 Cast: Beastly Appendage |    18 |     1 |       |       |       |       ||    19
       Spider Form       |     2 |    27 |    57 |    56 |     1 |       ||   143
       Airstrike         |       |       |       |    65 |    46 |    33 ||   144
       Ice Form          |       |       |       |     9 |     7 |     4 ||    20
       Flame Wave        |       |       |       |       |    27 |     4 ||    31
       Wereblood         |       |       |       |       |    28 |    13 ||    41
       Animate Armour    |       |       |       |       |    16 |    17 ||    33
       Silence           |       |       |       |       |       |     8 ||     8
       Metabolic Englaci |       |       |       |       |       |    38 ||    38
       Yara's Violent Un |       |       |       |       |       |    28 ||    28
Invok: Slimify           |       |       |       |     1 |     1 |     1 ||     3
       Oozemancy         |       |       |       |       |     3 |     5 ||     8
Evoke: Wand              |       |       |     2 |       |       |     5 ||     7
       Condenser vane    |       |       |       |       |       |     1 ||     1
  Use: Scroll            |       |     1 |    12 |     4 |     8 |     2 ||    27
       Potion            |       |       |       |       |       |     8 ||     8
 Stab: Sleeping          |     2 |     5 |     4 |     4 |    28 |    11 ||    54
       Distracted        |       |       |     1 |     1 |     7 |    13 ||    22
       Confused          |       |       |       |       |    17 |    12 ||    29
Armor: Robe              |    12 |     2 |    13 |    29 |     9 |       ||    65
       Skin              |       |     5 |    48 |   107 |    42 |    33 ||   235
       Leather armour    |       |       |       |       |   226 |   227 ||   453
Dodge: Dodged            |    46 |    89 |   455 |   764 |   954 |   635 ||  2943
